Map: Desvio para o Azul LE

Players

Vicster - Winner!

  • Race: Terran Terran
  • League: Gold
  • Spawn Location: 1:00

Paul

  • Race: Protoss Protoss
  • League: Gold
  • Spawn Location: 7:00

VOD

Have the link to the VOD?

Description

Time

  • Played on: Jan. 10, 2019, 2:56 p.m.
  • Length: 17:50
Show
View Real Time Build Order
Export as new Build Order

Vicster Terran - Winner!

Build Orders: Reaper Expand 

Get SALT Encoding   

  12  0:01  SCV  
  13  0:13  SCV  
  14  0:17  Supply Depot  
  14  0:25  SCV  
  15  0:39  SCV  
  15  0:40  Barracks  
  16  0:47  Refinery  
  16  0:51  SCV  
  17  1:03  SCV  
  18  1:15  SCV  
  19  1:28  Orbital Command  
  19  1:32  Reaper  
  20  1:43  Command Center  
  20  1:54  SCV  
  21  2:06  SCV  
  22  2:21  SCV  
  23  2:23  Refinery  
  23  2:24  Barracks Reactor  
  23  2:46  Supply Depot  
  23  2:55  Orbital Command  
  23  3:03  Marine  
  23  3:04  Marine  
  25  3:07  Factory  
  25  3:10  SCV  
  26  3:17  Bunker  
  26  3:22  SCV x2  
  26  3:24  Supply Depot  
  28  3:27  Marine  
  28  3:28  Marine  
  28  3:34  SCV  
  31  3:43  Refinery  
  31  3:44  Refinery, SCV  
  31  3:45  Marine x2  
  31  3:46  SCV, Supply Depot  
  35  3:51  Factory Reactor  
  35  3:54  Factory Tech Lab  
  35  3:56  Starport  
  35  3:57  SCV  
  35  3:58  SCV  
  35  3:59  Barracks  
  37  4:03  Marine x2  
  37  4:09  SCV  
  40  4:10  SCV  
  40  4:11  Supply Depot  
  41  4:17  Siege Tank  
  41  4:21  SCV  
  41  4:22  SCV  
  46  4:26  Supply Depot  
  46  4:30  Marine x2  
  48  4:34  SCV  
  48  4:36  Starport Tech Lab  
  48  4:37  SCV  
  50  4:48  Marine x2, SCV  
  50  4:49  SCV, Siege Tank  
  57  4:58  Supply Depot  
  57  5:00  SCV  
  58  5:08  Engineering Bay  
  58  5:09  Engineering Bay  
  58  5:31  Barracks Tech Lab  
  58  5:33  Barracks, SCV  
  58  5:38  Command Center, SCV  
  59  5:45  SCV  
  59  5:46  Supply Depot  
  59  5:48  Terran Infantry Weapons Level 1  
  59  5:49  Terran Infantry Armor Level 1  
  60  5:50  SCV  
  60  5:52  Stimpack  
  61  5:58  SCV  
  61  6:00  Marine x2, Barracks  
  64  6:07  Starport Reactor  
  64  6:08  Marine  
  64  6:10  Siege Tank  
  68  6:12  SCV  
  68  6:18  Marine x2  
  69  6:20  SCV  
  69  6:24  Barracks Tech Lab  
  69  6:25  SCV  
  73  6:26  Marine  
  73  6:27  Supply Depot  
  74  6:33  SCV  
  74  6:37  SCV  
  76  6:42  Combat Shield  
  76  6:44  Marine x2  
  76  6:45  SCV  
  76  6:46  Marauder  
  76  6:47  Marauder, Medivac x2  
  83  6:49  SCV  
  83  6:51  Siege Tank  
  91  6:57  SCV  
  92  7:03  Supply Depot  
  92  7:16  Barracks  
  92  7:23  Orbital Command  
  92  7:32  SCV x2  
  92  7:33  Marine x2, Marauder  
  92  7:34  Marauder  
  92  7:36  Refinery  
  100  7:39  Siege Tank  
  100  7:40  Refinery  
  100  7:44  SCV x2  
  105  7:51  Armory  
  105  7:56  SCV  
  106  8:02  Medivac x2  
  110  8:07  Barracks  
  110  8:10  SCV x3  
  113  8:21  Barracks Tech Lab  
  113  8:22  SCV x3  
  113  8:26  Factory  
  116  8:31  Starport  
  116  8:34  SCV x2  
  116  8:35  SCV  
  119  8:44  Command Center  
  119  8:46  SCV  
  119  8:47  SCV x2  
  122  8:56  Sensor Tower  
  122  8:59  SCV x3  
  125  9:14  Factory Tech Lab  
  125  9:19  Starport Tech Lab  
  125  9:25  Fusion Core  
  125  9:26  Terran Infantry Weapons Level 2, Terran Vehicle Weapons Level 1  
  125  9:31  Terran Infantry Armor Level 2  
  125  9:33  Barracks  
  125  9:55  Marine x4  
  125  9:56  Marauder x2, Siege Tank x2  
  139  10:09  Barracks  
  140  10:15  Advanced Ballistics  
  140  10:21  Barracks Tech Lab  
  140  10:23  Marine  
  140  10:24  Barracks Tech Lab  
  140  10:26  Barracks  
  140  10:28  Orbital Command  
  140  10:31  Refinery  
  140  10:34  Refinery  
  140  10:43  Supply Depot  
  140  10:44  Supply Depot  
  140  10:45  Supply Depot  
  140  10:47  Command Center  
  140  10:49  Liberator x2, Supply Depot  
  140  10:52  Ghost Academy  
  140  10:56  Supply Depot  
  140  11:04  Raven  
  140  11:05  Marauder, SCV, Siege Tank  
  140  11:06  Marine, SCV  
  140  11:07  Marine, Marauder x2, SCV x2  
  140  11:11  Siege Tank  
  166  11:17  SCV  
  168  11:18  SCV  
  168  11:19  SCV x2  
  168  11:21  Supply Depot  
  168  11:24  Marine x2, Marauder x2  
  176  11:26  Marauder  
  176  11:29  Marauder  
  180  11:42  Marauder, Siege Tank  
  180  11:43  Siege Tank  
  188  11:58  Marine x2  
  188  11:59  Marauder x4, Medivac  
  200  12:05  Command Center  
  200  12:11  Liberator x2  
  200  12:25  Refinery  
  200  12:26  Refinery  
  192  12:49  Marine  
  192  12:50  Marine x6  
  199  13:07  Marine  
  175  15:27  Marine x3  
  175  15:28  Marine x4  
  182  15:30  Thor x2  
  182  15:31  Medivac  
  182  15:32  Medivac x2  
  200  16:47  Planetary Fortress  
  200  16:56  Command Center  
  200  16:59  Command Center  
Show
View Real Time Build Order
Export as new Build Order

Paul Protoss 

Build Orders: Colossus Rush 

Get SALT Encoding   

  1  0:00  Probe  
  13  0:16  Pylon  
  13  0:18  Probe  
  14  0:30  Probe  
  15  0:39  Gateway  
  15  0:42  Probe  
  16  0:52  Assimilator  
  16  0:54  Probe  
  17  1:06  Probe  
  18  1:14  Probe  
  18  1:22  Probe  
  19  1:28  Cybernetics Core  
  20  1:33  Pylon  
  20  1:49  Assimilator  
  20  1:50  Probe  
  21  2:02  Probe  
  21  2:07  Twilight Council  
  22  2:15  Probe, Warp Gate  
  23  2:16  Pylon  
  22  2:38  Stalker  
  24  2:46  Charge  
  24  2:48  Pylon  
  24  2:53  Gateway  
  24  3:01  Nexus  
  24  3:05  Pylon  
  24  3:18  Stalker  
  26  3:29  Forge  
  26  3:33  Robotics Facility  
  26  3:48  Gateway  
  26  3:49  Probe  
  27  4:02  Shield Battery  
  27  4:03  Shield Battery  
  27  4:12  Probe  
  27  4:14  Probe  
  29  4:24  Probe  
  29  4:26  Probe  
  31  4:31  Robotics Bay  
  31  4:34  Probe  
  31  4:36  Probe  
  32  4:42  Probe  
  33  4:50  Zealot x2  
  38  4:53  Probe  
  39  5:05  Probe  
  39  5:06  Protoss Ground Weapons Level 1  
  40  5:07  Probe  
  41  5:15  Probe  
  41  5:16  Colossus  
  41  5:17  Probe  
  43  5:25  Probe  
  50  5:29  Probe  
  51  5:41  Probe  
  52  5:52  Gateway  
  52  5:53  Probe  
  52  5:54  Gateway  
  53  5:57  Templar Archives  
  53  6:01  Pylon  
  53  6:03  Pylon  
  53  6:05  Pylon  
  53  6:07  Pylon  
  53  6:08  Colossus  
  59  6:20  Stalker x2  
  63  6:31  Assimilator  
  63  6:36  Assimilator  
  63  6:37  Probe  
  64  6:46  Psionic Storm  
  64  6:53  Probe  
  65  7:02  Pylon  
  65  7:05  Probe  
  66  7:10  Protoss Ground Armor Level 1  
  66  7:17  Probe  
  67  7:29  Probe  
  68  7:35  High Templar  
  70  7:42  Probe, High Templar  
  73  7:57  Zealot x3  
  79  7:59  Nexus  
  79  8:18  Pylon  
  79  8:20  Pylon  
  79  8:23  Pylon  
  79  8:29  High Templar x3  
  85  8:48  Stargate  
  85  9:01  Shield Battery  
  85  9:03  Shield Battery  
  85  9:05  Protoss Shields Level 1, Shield Battery  
  85  9:08  Protoss Air Weapons Level 1  
  85  9:20  Photon Cannon  
  85  9:23  Photon Cannon  
  85  9:25  Photon Cannon  
  85  9:27  Photon Cannon  
  85  9:31  Photon Cannon  
  85  9:33  Photon Cannon  
  85  9:35  Photon Cannon  
  85  9:39  High Templar x2  
  85  9:43  Probe  
  89  9:49  Assimilator  
  89  9:51  Assimilator  
  89  9:52  Probe  
  90  9:57  Fleet Beacon  
  91  10:01  Probe  
  92  10:12  Probe  
  93  10:14  Pylon  
  93  10:17  Pylon  
  93  10:20  Probe  
  93  10:28  Probe, High Templar x3  
  101  10:40  Probe  
  102  10:52  Probe, Carrier  
  102  10:56  Stargate  
  109  11:04  Probe  
  110  11:16  Nexus, Probe  
  110  11:17  Observer  
  112  11:18  Nexus  
  112  11:23  Pylon  
  112  11:25  Pylon  
  112  11:28  Probe, Pylon  
  112  11:31  Pylon  
  113  11:33  Pylon  
  113  11:36  Pylon  
  113  11:38  Observer  
  114  11:40  Probe, Carrier  
  114  11:43  Pylon  
  114  11:45  Pylon  
  121  11:50  Zealot x4  
  121  11:52  Probe  
  130  11:56  Carrier  
  136  12:03  Assimilator  
  136  12:04  Probe  
  136  12:07  Assimilator  
  137  12:09  Assimilator  
  137  12:14  Probe, Assimilator  
  83  12:42  Carrier, High Templar x2  
  83  12:43  High Templar x2  
  85  12:51  Carrier  
  84  12:57  Zealot  
  67  13:27  Zealot x4  
  67  13:28  Zealot  
  64  13:40  Probe  
  58  13:46  Tempest  
  55  14:36  Zealot x4  
  55  14:37  Zealot  
  18  15:16  Probe  
  9  15:24  Probe  
  9  15:28  Gateway x2  
  5  15:31  Gateway  
  5  15:32  Probe  
  5  15:33  Gateway  
  5  15:40  Probe  
  7  15:50  Probe  
  8  16:02  Probe  
  3  16:26  Zealot  
  3  16:33  Pylon  
  3  16:36  Pylon  
Tags
 
Add a new tag
Caveats
  • Supply blocks, unpowered buildings, or Contaminate may cause inaccurate times.
  • Supply counts are checked every 10 seconds.